 Dungeon Crawl Stone Soup version 0.17-a0-2171-ga91b4ec (console) character file.

130170 brucemayne the Severer (level 16, -2/138 HPs)
             Began as a Hill Orc Monk on Oct 24, 2015.
             Was the Champion of Makhleb.
             Shot with a sling bullet by a faun (3 damage)
             ... on level 4 of the Shoals on Oct 25, 2015.
             The game lasted 01:59:08 (14152 turns).

brucemayne the Severer (Hill Orc Monk)             Turns: 14152, Time: 01:59:08

Health: -2/138     AC: 28    Str: 21    XL:     16   Next: 73%
Magic:  29/29      EV: 17    Int: 10    God:    Makhleb [******]
Gold:   574        SH:  5    Dex: 18    Spells: 1 memorised, 13 levels left

rFire  x . .     SeeInvis .     i - +2 war axe (elec)
rCold  + . .     Clarity  +     P - +5 plate armour {rPois}
rNeg   . . .     SustAt   .     Y - +0 buckler
rPois  +         Gourm    .     (helmet restricted)
rElec  .         Spirit   .     c - +2 cloak {MR+}
rCorr  .         Warding  .     H - +0 pair of gloves
rMut   .         Stasis   .     (no boots)
MR     ++...                    r - amulet of clarity
Stlth  ..........               w - ring of flight
                                y - ring of ice

@: agile, lethally poisoned (-2 -> -2), hasted, very quick, very resistant to
hostile enchantments, extremely unstealthy
A: beak, icy blue scales 1, rugged brown scales 1, blurry vision 1, mutation
resistance 1, wild magic 1
a: Minor Destruction, Lesser Servant of Makhleb, Major Destruction, Greater
Servant of Makhleb, Renounce Religion, Evoke Flight
}: 1/15 runes: gossamer


You were on level 4 of the Shoals.
You worshipped Makhleb.
Makhleb was exalted by your worship.
You were not hungry.

You visited 6 branches of the dungeon, and saw 34 of its levels.
You also visited: Ossuary.

You collected 1934 gold pieces.
You spent 1360 gold pieces at shops.

Inventory:

Hand Weapons
 i - a +2 war axe of electrocution (weapon)
 p - the +4 executioner's axe of Triumph {freeze, rElec}
   (You acquired it on level 2 of the Shoals)

   It has been specially enchanted to freeze those struck by it, causing extra
   injury to most foes and up to half again as much damage against particularly
   susceptible opponents.
   It can also slow down cold-blooded creatures.
   It insulates you from electricity.
 V - a +2 battleaxe of chopping
Missiles
 K - 8 steel javelins (quivered)
Armour
 c - a +2 cloak of magic resistance (worn)
 H - a +0 pair of gloves (worn)
 P - a +5 plate armour of poison resistance (worn)
 Y - a +0 buckler (worn)
Jewellery
 r - an amulet of clarity (around neck)
 w - a ring of flight (right hand)
 x - an uncursed ring of invisibility
 y - a ring of ice (left hand)
 z - an uncursed amulet of resist corrosion
 F - an uncursed ring of see invisible
 G - a +1 ring of evasion
 I - an uncursed amulet of regeneration
 S - an uncursed amulet of warding
 T - an uncursed ring of teleportation
Wands
 d - a wand of paralysis (12)
 g - a wand of disintegration (11)
 n - a wand of digging (9)
Scrolls
 a - a scroll of amnesia
 f - a scroll of identify
 h - 2 scrolls of remove curse
 j - 3 scrolls of blinking
 k - 2 scrolls of teleportation
 o - a scroll of fear
 v - 2 scrolls of immolation {unknown}
 A - a scroll of silence {unknown}
 C - 2 scrolls of noise
 R - 4 scrolls of fog
 Z - 5 scrolls of enchant weapon
Potions
 m - 2 potions of cancellation {unknown}
 s - 5 potions of agility
 t - 5 potions of flight
 u - 2 potions of might
 E - a potion of curing
 J - 2 potions of haste
 O - a potion of magic
 W - 7 potions of ambrosia
Books
 q - the Volume of Augmentations
   (You found it on level 1 of the Shoals)

   Spells                             Type                      Level
   a - Shroud of Golubria             Charms/Translocation         2
   b - Warp Weapon                    Charms/Translocation         5
   c - Excruciating Wounds            Charms/Necromancy            5
   d - Ring of Flames                 Charms/Fire                  7
Comestibles
 b - 3 bread rations
 l - 4 meat rations
 D - 2 slices of pizza


   Skills:
 - Level 10.2 Fighting
 + Level 19.3 Axes
 - Level 13.3 Armour
 - Level 9.0 Dodging
 - Level 1.5 Stealth
 - Level 4.1 Shields
 - Level 4.3 Unarmed Combat
 - Level 19.0 Invocations
 - Level 7.1 Evocations


You had 13 spell levels left.
You knew the following spells:

 Your Spells              Type           Power        Failure   Level  Hunger
a - Shroud of Golubria    Chrm/Tloc      #.........   100%        2    ###....


Dungeon Overview and Level Annotations

Branches:
Dungeon (13/15)            Temple (1/1) D:6            Lair (8/8) D:11
 Shoals (4/4) Lair:5       Spider (4/4) Lair:3        Slime (0/6) Lair:8
    Orc (4/4) D:12            Elf (0/3) Orc:4
 Vaults: D:13-14

Altars:
Ashenzari
Elyvilon
Fedhas
Kikubaaqudgha
Makhleb
Qazlal
Ru
Sif Muna
Trog
Vehumet
Xom
Yredelemnul
Zin
Jiyva

Shops:
Orc:3 *   Orc:4 (=[(

Annotations:
D:6 exclusion: downstairs, Grinder
D:7 Dowan, Duvessa
D:8 exclusion: orange crystal statue
D:9 exclusion: downstairs
Shoals:2 exclusion: oklob plant
Shoals:4 Ilsuiw
Spider:1 emiel's ghost, journeyman DsAK
Spider:3 Aizul
Spider:4 exclusion: upstairs
Orc:2 exclusion: downstairs
Orc:4 Azrael


Innate Abilities, Weirdness & Mutations

You have a beak for a mouth.
You are partially covered in icy blue scales (AC +1).
You are partially covered in rugged brown scales (AC +1, +3% HP).
Scrolls take you a little longer to read.
You are somewhat resistant to further mutation.
Your spells are a little harder to cast, but a little more powerful.


Message History

Okay, then.
Read which item? (? for menu, Esc to quit)
Okay, then.
Evoke which item? (* to show all) (? for menu, Esc to quit)
Zapping:
g - a wand of disintegration (11)
Press: ? - help, Shift-Dir - straight line, f - merfolk aquamancer
Aim: a merfolk aquamancer, wielding a rapier of speed and wearing a robe (severely wounded, chance to defeat MR: 34%)
Okay, then.
You feel sick.
The faun points at you and mumbles some strange words.
You resist with almost no effort.
The faun shoots a stone.
The stone closely misses you.
Unknown command.
Evoke which item? (* to show all) (? for menu, Esc to quit)
Okay, then.
Drink which item? (? for menu, Esc to quit)
You feel yourself speed up.
The faun shoots a sling bullet.
The sling bullet hits you!
* * * LOW HITPOINT WARNING * * *
You die...

≈≈≈≈≈≈≈..(....≈≈≈.....(≈≈≈≈≈
≈≈≈≈≈≈≈..(....≈≈≈....(≈≈≈≈≈≈
≈≈≈≈≈≈≈...))..≈≈≈cc((.≈≈≈≈≈≈
≈≈≈≈≈≈≈.()))..≈≈≈.4)).≈≈≈≈≈≈
≈≈≈≈≈≈≈..((...≈≈≈≈(m.≈≈≈≈≈≈≈
≈≈≈≈≈≈≈..(....≈≈≈≈†(.≈≈≈≈≈≈≈
≈≈≈≈≈≈≈.(.....≈≈≈≈≈.≈≈≈≈≈≈≈
≈≈≈≈≈≈≈%.......≈≈...≈≈≈≈≈≈≈
≈≈≈≈≈≈≈≈.......@≈...≈≈≈≈≈≈≈
≈≈≈≈≈≈≈≈..≈≈..(((..≈≈≈≈≈≈≈≈
≈≈≈≈≈≈≈≈.≈≈≈≈≈....≈≈≈≈≈≈≈≈≈
≈≈≈≈≈≈≈≈.≈≈≈≈≈≈≈≈.≈≈≈≈≈≈≈≈≈
≈≈≈≈≈≈≈≈.≈≈≈≈≈≈≈..≈≈≈≈≈≈≈≈
≈≈≈≈≈≈≈.≈≈≈≈≈≈≈.≈≈≈≈≈≈≈
≈≈≈.≈≈≈≈≈≈≈.≈≈≈≈≈≈≈
.........≈≈≈≈≈≈


You could see a merfolk aquamancer, 2 fauns and a friendly orange demon.

Vanquished Creatures
  2 ghost moths (Spider:4)
  4 emperor scorpions (Spider:4)
  2 merfolk impalers
  A merfolk aquamancer (Shoals:2)
  2 ogre magi (Orc:4)
  2 satyrs
  3 death yaks (Lair:5)
  Urug (D:10)
  3 hill giants
  An unseen horror (D:12)
  4 sea snakes
  Pikel (D:6)
  9 harpies
  13 fauns
  4 griffons
  2 cyclopes
  5 orb spiders
  5 hornets
  3 orc sorcerers
  17 wolf spiders
  4 manticores
  Maurice (D:9)
  7 elephants (Lair:6)
  2 water nymphs
  A black mamba (Lair:4)
  2 sirens (Shoals:4)
  Joseph (D:8)
  4 fire drakes
  A komodo dragon (Lair:5)
  4 demonic crawlers
  20 spiny frogs
  A troll (Orc:3)
  10 jumping spiders
  12 merfolk
  10 two-headed ogres
  A two-headed ogre (shapeshifter) (D:13)
  A boulder beetle (Spider:3)
  7 snapping turtles
  9 trapdoor spiders
  10 blink frogs
  7 redbacks
  Sigmund (D:6)
  13 tarantellas
  A wyvern (Lair:8)
  5 water elementals
  2 deep elf magi
  24 yaks
  6 vampire mosquitoes (Lair:8)
  9 deep elf fighters (Orc:4)
  Grum (D:9)
  6 hippogriffs
  3 basilisks
  A fire elemental (Orc:4)
  2 steam dragons
  30 wolves
  2 wargs
  2 soldier ants
  17 water moccasins
  A swamp drake (Lair:7)
  2 hell hounds (Orc:3)
  3 black bears
  24 ogres
  11 porcupines
  31 spiders
  A necrophage (D:9)
  13 orc warriors
  3 wasps
  2 slaves (D:6)
  2 phantoms
  3 ice beasts
  A sky beast (D:6)
  A big kobold (D:11)
  13 centaurs
  11 crocodiles
  13 giant frogs
  4 scorpions
  A wyvern skeleton (D:10)
  21 wights
  10 killer bees
  3 electric eels
  3 centaur zombies
  4 crimson imps
  2 giant frog zombies
  8 human zombies
  24 orc priests
  A quasit (D:10)
  A giant frog skeleton (D:12)
  9 iguanas
  7 hounds
  17 orc wizards
  8 worker ants
  A gnoll shaman (D:3)
  6 hell rats
  A killer bee zombie (D:10)
  4 sheep
  A hound skeleton (D:4)
  5 mummies
  5 gnolls (D:4)
  13 adders
  25 river rats
  2 shadow imps
  An ooze (D:3)
  2 adder skeletons
  2 worms
  4 giant geckos
  127 orcs
  5 bats
  2 giant cockroaches
  5 goblins
  6 hobgoblins
  9 jackals
  5 quokkas
  A ball python (D:3)
  5 giant newts
  A goblin zombie (Ossuary)
  3 hobgoblin zombies (Ossuary)
  A jackal skeleton (D:8)
  5 kobolds
  A kobold zombie (Ossuary)
  An orc skeleton (D:9)
  A quokka zombie (D:5)
  7 rats
  5 bushes (D:9)
  3 fungi (Lair:8)
  13 plants
860 creatures vanquished.

Vanquished Creatures (collateral kills)
  Nikola (Spider:3)
  2 ghost moths (Spider:4)
  2 emperor scorpions (Spider:4)
  Snorg (Orc:3)
  The ghost of M4edhros the Covert, a journeyman OpAr of Okawaru (Lair:4)
  2 merfolk impalers (Shoals:4)
  2 ogre magi (Orc:4)
  2 satyrs (Shoals:4)
  A sea snake (Shoals:4)
  A deep elf summoner (Orc:4)
  5 orb spiders
  4 harpies (Shoals:4)
  3 fauns
  5 wolf spiders (Spider:4)
  An elephant (Lair:6)
  5 hornets
  A siren (Shoals:4)
  A black mamba (Lair:8)
  A spiny frog (Lair:8)
  A komodo dragon (Lair:6)
  2 demonic crawlers (Spider:4)
  3 jumping spiders
  5 merfolk (Shoals:4)
  2 giant leeches (Lair:8)
  A wind drake (Shoals:4)
  5 two-headed ogres (Orc:4)
  A blink frog (Lair:8)
  2 redbacks (Spider:3)
  3 tarantellas
  A hippogriff (Lair:8)
  2 trapdoor spiders (Spider:4)
  A basilisk (Lair:8)
  3 yaks (Lair:8)
  A vampire mosquito (Lair:8)
  A hell hound (Orc:4)
  A water moccasin (Lair:8)
  An orc warrior (Orc:4)
  5 spiders
  2 wasps (Spider:4)
  8 ogres (Orc:4)
  2 crocodiles (Lair:8)
  5 giant frogs (Lair:8)
  An electric eel (Lair:8)
  An orc priest (Orc:4)
  6 orcs
  3 plants (Lair:8)
110 creatures vanquished.

Vanquished Creatures (others)
  A tarantella (Spider:1)
  2 orcs
  2 kobolds (D:11)
  13 fungi
  13 plants
31 creatures vanquished.

Grand Total: 1001 creatures vanquished

Notes
Turn   | Place    | Note
--------------------------------------------------------------
     0 | D:1      | brucemayne the Hill Orc Monk began the quest for the Orb.
     0 | D:1      | Reached XP level 1. HP: 19/19 MP: 1/1
   128 | D:1      | Reached skill level 1 in Armour
   133 | D:1      | Reached XP level 2. HP: 13/27 MP: 2/2
   347 | D:1      | Reached XP level 3. HP: 4/33 MP: 3/3
   556 | D:4      | Noticed a scorpion
   587 | D:3      | Noticed a scorpion
   608 | D:3      | Reached skill level 1 in Axes
   612 | D:3      | Reached XP level 4. HP: 27/41 MP: 4/4
   752 | D:3      | Killed a scorpion
   752 | D:3      | Reached XP level 5. HP: 44/47 MP: 5/5
   800 | D:4      | Killed a scorpion
   843 | D:3      | Reached skill level 5 in Axes
   860 | D:3      | Reached XP level 6. HP: 38/53 MP: 6/6
  1011 | D:4      | Noticed an ogre
  1017 | D:4      | Killed an ogre
  1017 | D:4      | Reached skill level 6 in Axes
  1035 | D:4      | Reached skill level 7 in Axes
  1074 | D:4      | Noticed a phantom
  1284 | D:4      | Noticed a scorpion
  1290 | D:4      | Killed a scorpion
  1290 | D:4      | Reached skill level 8 in Axes
  1290 | D:4      | Reached XP level 7. HP: 54/60 MP: 7/7
  1298 | D:5      | Entered Level 5 of the Dungeon
  1355 | D:5      | Found a sand-covered staircase.
  1366 | Ossuary  | Entered an ossuary
  1488 | Ossuary  | Reached skill level 9 in Axes
  1602 | D:6      | Reached skill level 10 in Axes
  1626 | D:7      | Noticed Duvessa
  1626 | D:7      | Noticed Dowan
  1676 | D:6      | Reached XP level 8. HP: 58/67 MP: 8/8
  1722 | D:6      | Reached skill level 11 in Axes
  1792 | D:6      | Noticed Grinder
  1792 | D:6      | Paralysed by Grinder for 7 turns
  2022 | D:4      | Found a white marble altar of Elyvilon.
  2028 | D:4      | Found a basalt altar of Yredelemnul.
  2121 | D:6      | Found a bloodstained altar of Trog.
  2137 | D:6      | Noticed Pikel
  2159 | D:6      | Killed Pikel
  2159 | D:6      | Reached skill level 13 in Axes
  2173 | D:6      | Noticed Sigmund
  2180 | D:6      | Killed Sigmund
  2180 | D:6      | Reached XP level 9. HP: 64/72 MP: 9/9
  2398 | D:6      | Found a staircase to the Ecumenical Temple.
  2403 | Temple   | Entered the Ecumenical Temple
  2419 | Temple   | Became a worshipper of Makhleb the Destroyer
  2419 | Temple   | Reached * piety under Makhleb
  2419 | Temple   | Reached ** piety under Makhleb
  2523 | D:8      | Reached skill level 14 in Axes
  2598 | D:8      | Found an ancient bone altar of Kikubaaqudgha.
  2660 | D:8      | Reached skill level 15 in Axes
  2709 | D:8      | Noticed an orange crystal statue
  2750 | D:8      | Noticed Joseph
  2759 | D:8      | HP: 2/72 [Joseph/uncursed quarterstaff of speed (8)]
  2760 | D:8      | Killed Joseph
  2897 | D:8      | Noticed a hill giant
  2905 | D:8      | Killed a hill giant
  2905 | D:8      | Reached skill level 16 in Axes
  2905 | D:8      | Reached XP level 10. HP: 23/80 MP: 10/10
  3064 | D:8      | Reached *** piety under Makhleb
  3177 | D:9      | Noticed Maurice
  3201 | D:9      | Killed Maurice
  3201 | D:9      | Reached skill level 5 in Fighting
  3270 | D:9      | Found a shattered altar of Ashenzari.
  3426 | D:10     | Entered Level 10 of the Dungeon
  3433 | D:10     | Noticed Grum
  3439 | D:10     | Reached skill level 5 in Armour
  3440 | D:10     | Noticed a hill giant
  3447 | D:10     | Reached **** piety under Makhleb
  3549 | D:9      | Found an ancient bone altar of Kikubaaqudgha.
  3642 | D:10     | Killed a hill giant
  3654 | D:10     | Reached XP level 11. HP: 41/94 MP: 11/11
  3712 | D:9      | Found a deep blue altar of Sif Muna.
  3858 | D:9      | Killed Grum
  3904 | D:11     | Reached skill level 1 in Invocations
  3919 | D:10     | Noticed Urug
  3991 | D:10     | Killed Urug
  4113 | D:10     | Reached ***** piety under Makhleb
  4500 | D:12     | Killed an unseen horror
  4500 | D:12     | Reached skill level 5 in Invocations
  4844 | D:11     | Found a staircase to the Lair.
  5096 | D:12     | Noticed a hill giant
  5105 | D:12     | Killed a hill giant
  5158 | D:13     | Noticed a centaur warrior
  5161 | D:13     | Noticed a hill giant
  5225 | D:12     | Found a staircase to the Orcish Mines.
  5231 | Orc:1    | Entered Level 1 of the Orcish Mines
  5305 | Orc:1    | Paralysed by an orc sorcerer for 2 turns
  5469 | Orc:2    | Noticed a soul eater
  5482 | Orc:2    | Reached ****** piety under Makhleb
  5524 | Orc:3    | Reached XP level 12. HP: 91/103 MP: 19/19
  5528 | Orc:3    | Noticed Snorg
  5629 | Orc:4    | Entered Level 4 of the Orcish Mines
  5634 | Orc:4    | Noticed Azrael
  6069 | Orc:3    | Found Jiavag's Assorted Antiques.
  6081 | Orc:3    | Killed Snorg
  6340 | Orc:4    | Reached skill level 10 in Armour
  6390 | Orc:4    | Reached skill level 1 in Shields
  6701 | Orc:4    | Found a staircase to the Elven Halls.
  6900 | Orc:4    | Noticed an ogre mage
  6909 | Orc:4    | Killed an ogre mage
  6922 | Orc:4    | Noticed an ogre mage
  6933 | Orc:4    | Noticed an ogre mage
  6941 | Orc:4    | Killed an ogre mage
  6941 | Orc:4    | Reached skill level 5 in Dodging
  6945 | Orc:4    | Noticed an ogre mage
  6951 | Orc:4    | Killed an ogre mage
  6954 | Orc:4    | Reached skill level 10 in Fighting
  6965 | Orc:4    | Killed an ogre mage
  6973 | Orc:4    | Found Puptor's Weapon Shoppe.
  6973 | Orc:4    | Found Reurirhep's Armour Boutique.
  6974 | Orc:4    | Found Erunun's Jewellery Boutique.
  6974 | Orc:4    | Found Liekoink's Antique Weapon Emporium.
  6996 | Orc:4    | Reached skill level 17 in Axes
  7017 | Orc:4    | Bought an uncursed ring of wizardry for 510 gold pieces
  7017 | Orc:4    | ASDASHJFASKrdfas
  7037 | Orc:4    | Reached XP level 13. HP: 41/113 MP: 20/20
  7210 | Orc:4    | Bought an uncursed amulet of regeneration for 510 gold pieces
  7210 | Orc:4    | Bought an uncursed ring of poison resistance for 340 gold pieces
  7419 | Lair:1   | Entered Level 1 of the Lair of Beasts
  7484 | Lair:1   | You fall through a shaft!
  7945 | Lair:6   | Gained mutation: Scrolls take you a little longer to read. [potion of mutation]
  7945 | Lair:6   | Gained mutation: Scrolls take you longer to read. [potion of mutation]
  7945 | Lair:6   | Lost mutation: Scrolls take you longer to read. [potion of mutation]
  7946 | Lair:6   | Gained mutation: You are partially covered in icy blue scales (AC +1). [potion of mutation]
  7946 | Lair:6   | Gained mutation: Your natural rate of healing is unusually fast. [potion of mutation]
  7946 | Lair:6   | Lost mutation: Your natural rate of healing is unusually fast. [potion of mutation]
  7947 | Lair:6   | Gained mutation: You have a beak for a mouth. [potion of mutation]
  7947 | Lair:6   | Gained mutation: Your spells are a little harder to cast, but a little more powerful. [potion of mutation]
  8210 | Lair:6   | Reached skill level 18 in Axes
  8370 | Lair:7   | Found a sacrificial altar of Ru.
  8429 | Lair:8   | Entered Level 8 of the Lair of Beasts
  8506 | Lair:8   | Gained mutation: You are partially covered in rugged brown scales (AC +1, +3% HP). [potion of mutation]
  8506 | Lair:8   | Gained mutation: You are somewhat resistant to further mutation. [potion of mutation]
  8717 | Lair:8   | Reached XP level 14. HP: 106/124 MP: 21/21
  8718 | Lair:8   | Reached skill level 19 in Axes
  8812 | Lair:8   | Found a staircase to the Slime Pits.
  8813 | Lair:8   | Found a viscous altar of Jiyva.
  8920 | Lair:8   | Reached skill level 10 in Invocations
  9059 | Lair:7   | Reached skill level 1 in Evocations
  9349 | Lair:5   | Identified a scroll of acquirement
  9416 | Lair:4   | Noticed M4edhros's ghost (journeyman OpAr)
  9437 | Lair:4   | Killed M4edhros's ghost
  9558 | Lair:3   | Got a twisted plate armour
  9569 | Lair:3   | Identified the +5 plate armour of Nemelex Xobeh's Hatred {Dex+2} (You found it on level 3 of the Lair of Beasts)
  9721 | Lair:3   | Found a hole to the Spider Nest.
  9768 | Spider:1 | Entered Level 1 of the Spider Nest
 10136 | Spider:1 | Noticed emiel's ghost (journeyman DsAK)
 10181 | Spider:2 | Reached skill level 5 in Evocations
 10187 | Spider:3 | Noticed Aizul
 10202 | Spider:3 | HP: 2/124 [jumping spider (12)]
 10317 | Spider:4 | Entered Level 4 of the Spider Nest
 10357 | Spider:4 | Noticed a ghost moth
 10403 | Spider:4 | Killed a ghost moth
 10538 | Spider:4 | Noticed an emperor scorpion
 10570 | Spider:4 | Killed an emperor scorpion
 10579 | Spider:4 | Reached XP level 15. HP: 116/129 MP: 23/23
 10592 | Spider:4 | Noticed an emperor scorpion
 10611 | Spider:4 | Killed an emperor scorpion
 10674 | Spider:4 | Noticed an emperor scorpion
 10700 | Spider:4 | Killed an emperor scorpion
 10810 | Spider:4 | Noticed a ghost moth
 10817 | Spider:4 | Killed a ghost moth
 10866 | Spider:4 | Noticed an emperor scorpion
 10866 | Spider:4 | Noticed an emperor scorpion
 10879 | Spider:4 | Killed an emperor scorpion
 10885 | Spider:4 | Killed an emperor scorpion
 10919 | Spider:4 | Noticed a ghost moth
 10930 | Spider:4 | Killed a ghost moth
 10970 | Spider:4 | Noticed a ghost moth
 10970 | Spider:4 | Noticed an emperor scorpion
 10995 | Spider:4 | Killed an emperor scorpion
 11000 | Spider:4 | Killed a ghost moth
 11008 | Spider:4 | Got a gossamer rune of Zot
 11083 | Spider:3 | Noticed Nikola
 11203 | Spider:3 | Killed Nikola
 11680 | Lair:4   | Reached skill level 15 in Invocations
 11914 | Lair:5   | Got a ring of the Octopus King
 11916 | Lair:5   | Identified a ring of the Octopus King {MP+9 AC+1 EV+1 Str+1 Int+1 Dex+1} (You found it on level 5 of the Lair of Beasts)
 12722 | Lair:5   | Found a staircase to the Shoals.
 12749 | Shoals:1 | Entered Level 1 of the Shoals
 12821 | Shoals:2 | Reached XP level 16. HP: 125/138 MP: 26/28
 12830 | Shoals:2 | Found a deep blue altar of Sif Muna.
 13011 | Shoals:2 | Got a dazzling executioner's axe
 13041 | Shoals:2 | Identified the +4 executioner's axe of Triumph {freeze, rElec} (You acquired it on level 2 of the Shoals)
 13067 | Shoals:1 | Identified the Volume of Augmentations
 13074 | Shoals:1 | Learned a level 2 spell: Shroud of Golubria
 13558 | Shoals:4 | Entered Level 4 of the Shoals
 13814 | Shoals:4 | HP: 4/138 [snapping turtle (15)]
 13896 | Shoals:4 | Noticed Ilsuiw
 14093 | Shoals:4 | Upgraded the game from 0.17-a0-2147-gfb20a63 to 0.17-a0-2171-ga91b4ec
 14152 | Shoals:4 | HP: 1/138 [faun/sling bullet (13)]
 14152 | Shoals:4 | Shot with a sling bullet by a faun

Vault maps used:
D:1:      kilobyte_arrival_exit_the_forest
D:2:      first_bread, uniq_crazy_yiuf_cottage
D:3:      gammafunk_temple_overflow_pools
D:4:      amethyst_overflow_temple_binary, makhleb_altar_promises_db
D:5:      nicolae_ossuary_entry_plus
D:6:      temple_doors_d, basic_altar, uniq_sigmund, uniq_grinder, uniq_pikel
D:7:      trog_three_pillars_becter, uniq_duvessa
D:8:      minmay_separated_statues, kennysheep_mini_moat, uniq_joseph
D:9:      led_sif_book, evilmike_ruin_ashenzari, grunt_ogre_cave,
          minmay_hedge_maze, grunt_decor_fettered,
          lemuel_mausoleum_altar_kikubaaqudgha, uniq_maurice
D:10:     serial_corexii_hall, corexii_hall_statues_s,
          corexii_hall_statues_deadend, uniq_grum, uniq_urug
D:11:     erik_rubicon_a, dpeg_lair_monsters
D:12:     orc_0_dummy, uniq_psyche, uniq_josephine
Temple:   circular_temple_12
Lair:2:   minmay_stone_trees_medium, infiniplex_staircase_pool_2
Lair:3:   nicolae_spider_entry_tight_spaces
Lair:4:   cheibrodos_lair_reptile_den
Lair:5:   shoals_dummy_entry, serial_bayou_shore_b
Lair:6:   minivault_26, bh_autumn_forest_stairs
Lair:7:   gammafunk_lair_bear_cave, basic_altar, guppyfry_lair_drakes
Lair:8:   minmay_lair_end_frog_pond, slime_altar_1
Shoals:2: lemuel_oklob_altar
Shoals:3: overgrown_hall
Shoals:4: nicolae_shoals_island_circles, shoals_end_grunt_garden,
          shoals_ilsuiw_alternative
Spider:1: guppyfry_wasp_nest
Spider:3: nicolae_spider_mines_2, uniq_aizul, uniq_nikola
Spider:4: guppyfry_spider_rune, nicolae_spider_circle_web,
          minmay_another_anthill, uniq_jorgrun
Orc:1:    mines2_lemuel
Orc:3:    serial_shops, shop, nicolae_orc_pool_cavern, uniq_snorg
Orc:4:    st_orc_ogre_mass, elves_outpost_lemuel, uniq_azrael
Ossuary:  ossuary_crypta

Action                   |  1- 3 |  4- 6 |  7- 9 | 10-12 | 13-15 | 16-18 || total
-------------------------+-------+-------+-------+-------+-------+-------++-------
Melee: Unarmed           |    35 |       |       |       |       |       ||    35
       Dagger            |    36 |       |       |       |       |       ||    36
       War axe           |     7 |    92 |   212 |   828 |  1202 |   411 ||  2752
Throw: Throwing net      |       |       |     2 |     1 |       |       ||     3
       Javelin           |       |       |       |     1 |       |       ||     1
Invok: Lesser Servant of |       |       |       |    12 |    37 |     6 ||    55
       Major Destruction |       |       |       |       |     1 |       ||     1
       Greater Servant o |       |       |       |       |     1 |     4 ||     5
 Abil: Evoke Teleportati |       |       |       |       |     1 |       ||     1
       Evoke Flight      |       |       |       |       |       |     1 ||     1
Evoke: Wand              |       |       |     6 |    22 |     8 |       ||    36
  Use: Scroll            |     2 |     2 |     6 |    11 |    21 |     2 ||    44
       Potion            |     1 |       |     4 |     2 |    10 |     4 ||    21
 Stab: Sleeping          |     1 |       |       |       |       |       ||     1
       Confused          |       |       |       |     1 |       |       ||     1
       Distracted        |       |       |       |     2 |    22 |     3 ||    27
  Eat: Chunk             |       |     2 |     5 |    14 |    15 |     9 ||    45
       Fruit             |       |       |       |       |    11 |       ||    11
       Royal jelly       |       |       |       |       |     2 |       ||     2
       Beef jerky        |       |       |       |       |     1 |       ||     1
